[Event "GrandPrix_29.05"]
[Site "Chess.com"]
[Date "2020.05.29"]
[Round "3"]
[White "Gareth-Bale11"]
[Black "Funo09"]
[Result "0-1"]
[WhiteElo "2279"]
[BlackElo "2593"]
[TimeControl "600+2"]
[EndTime "10:27:27 PDT"]
[Termination "Funo09 won by resignation"]

1. d4 Nf6 2. c4 Nc6 3. e3 e5 4.
d5 Ne7 5. Nc3 Ng6 6. Nf3 Bc5 7.
Bd3 O-O 8. h4 d6 9. h5 Ne7 10.
h6 g6 11. Ng5 c6 12. dxc6 bxc6 13. Bd2 d5 14. cxd5 cxd5 15. Rc1 Bd6 16. Qf3 Nd7 17. Nxd5 Nxd5 18. Qxd5 Nb6 19. Qc6 Be7 20. Nxf7 Qxd3 21. Nxe5 Qf5 22. f4 Ba6 23. g4 Qf6 24. Qe4 Bd6 25.
Bc3 Rae8 26. Bd4 Qe7 27. Qc2 Bb7 28. Rh2 Qe6 29. Qe2 Be4 30. Rf2 Qd5 31. Kf1 Bxe5 32. fxe5 Bd3 33. Qxd3 Qh1+ 34. Ke2 Rxf2+ 35. Kxf2 Rf8+ 36.
Ke2 Qxc1 37. Qb3+ Nc4 38. Kd3 Rc8 39. Bc3 Qb1+ 40. Kd4 Qg1 41. Qb7 Qxe3+ 42. Kd5 Qf3+ 0-1

[Event "GrandPrix_29.05"]
[Site "Chess.com"]
[Date "2020.05.29"]
[Round "3"]
[White "hypert"]
[Black "elohunter1999"]
[Result "0-1"]
[WhiteElo "1915"]
[BlackElo "2158"]
[TimeControl "600+2"]
[EndTime "10:27:27 PDT"]
[Termination "elohunter1999 won by checkmate"]

1. e4 c5 2. Nf3 Nc6 3. Bb5 g6 4.
Bxc6 bxc6 5. O-O Bg7 6. Re1 Qc7 7. c3 d6 8. h3 Nf6 9. d4 cxd4 10. cxd4 O-O 11.
Nc3 c5 12. e5 dxe5 13. dxe5 Rd8 14. Qa4 Nd5 15. Nxd5 Rxd5 16. Qe8+ Bf8 17. Ng5 e6 18.
Nxh7 Bb7 19. Nf6+ Kg7 20. Qa4 Rxe5 21. Bh6+ Kxh6 22. Rxe5 Bd6 23. Ng4+ Kg7 24. Ree1 f5 25. Ne3 Rh8 26. Nc4 Rh4 27. Qb3 Bh2+ 28. Kf1 Ba6 29. Rac1 Qc6 30. Qc3+ Rd4 31. b3 Bf4 32. Rcd1 Qd5 33. Rxd4 cxd4 34. Qb4 Bd6 35. Qa4 Bb5 36. Qxa7+ Kh6 37. Qf7 Bxc4+ 38. bxc4 Qxc4+ 39. Kg1 d3 40. Qf6 d2 41. Qh8+ Kg5 42. Qd8+ Kh6 43. Rf1 Qxf1+ 44.
Kxf1 d1=Q# 0-1

[Event "GrandPrix_29.05"]
[Site "Chess.com"]
[Date "2020.05.29"]
[Round "3"]
[White "Velis23"]
[Black "wnstop"]
[Result "1-0"]
[WhiteElo "2460"]
[BlackElo "2085"]
[TimeControl "600+2"]
[EndTime "10:27:28 PDT"]
[Termination "Velis23 won by resignation"]

1. d4 Nf6 2. Bf4 g6 3. e3 Bg7 4.
Nf3 d6 5. h3 c5 6. c3 Qb6 7.
Qb3 Be6 8. Qxb6 axb6 9. a3 Bd5 10.
Nbd2 Bc6 11. Bd3 Nbd7 12. O-O O-O 13. e4 d5 14. e5 Ne8 15. Rfe1 Nc7 16. Nf1 Bb5 17.
Rad1 Bxd3 18. Rxd3 Ne6 19. Bc1 cxd4 20. cxd4 Rfc8 21.
Ne3 Bh6 22. Bd2 Bxe3 23. fxe3 f6 24. e4 dxe4 25. Rxe4 fxe5 26. Nxe5 Nf6 27. Re1 Nc7 28. Bg5 Ncd5 29. Bxf6 exf6 30. Ng4 Kf7 31. Ne3 Re8 32. Kf2 Rad8 33. Nxd5 Rxe1 34. Kxe1 Rxd5 35. Kd2 Rb5 36. Kc3 Rg5 37. g3 Ke6 38. Kc4 b5+ 39. Kb4 Kd5 40. Kxb5 Ke4+ 41. Kc4 b5+ 42. Kc3 Rd5 43.
b3 h5 44. Rd1 Kf3 45. Rf1+ Kxg3 46. Rxf6 g5 47. Re6 Kxh3 48. Re5 Rxe5 49. dxe5 g4 50.
e6 g3 51. e7 g2 52. e8=Q g1=Q 53. Qxh5+ Kg3 54. Qg5+ 1-0

[Event "GrandPrix_29.05"]
[Site "Chess.com"]
[Date "2020.05.29"]
[Round "3"]
[White "SamadovRead"]
[Black "ZoranRunic1"]
[Result "1-0"]
[WhiteElo "1970"]
[BlackElo "1944"]
[TimeControl "600+2"]
[EndTime "10:27:30 PDT"]
[Termination "SamadovRead won by resignation"]

1. d4 Nf6 2. c4 c5 3. d5 e5 4. Nc3 d6 5. e4 Be7 6. g3 a6 7.
Bg2 Nbd7 8. a4 Nf8 9. Nf3 h5 10. h3 h4 11. Nxh4 Rxh4 12. gxh4 Ng6 13. Bg5 Nh7 14. Bxe7 Qxe7 15. Bf3 Nxh4 16. Bg4 Ng5 17. Bxc8 Ngf3+ 18. Kf1 Rxc8 19. Ne2 Qg5 20. Ng3 g6 21. Qc1 Qf6 22. Ra3 Nd4 23. Ne2 Ndf3 24. Ng1 Ng5 25. Qe3 Kf8 26. Rb3 Rc7 27. Rh2 Kg7 28. f3 Qd8 29. f4 exf4 30. Qxf4 Nh7 31. e5 dxe5 32. Qxe5+ f6 33. Qe4 Nf5 34. Rg2 Ng5 35. Rxg5 fxg5 36. Qe5+ Kh7 37. Nf3 Kh6 38. Rb6 Rf7 39. Qe6 Qg8 40.
Rxb7 Nd6 41. Rxf7 Qxf7 42. Qxf7 Nxf7 43. Kf2 Nd6 44. b3 Kh5 45. Ne5 Kh4 46. Kg2 Kh5 47. Nd3 Nb7 48. b4 cxb4 49. Nxb4 Nc5 50. d6 g4 51. hxg4+ Kxg4 52. Nxa6 1-0

[Event "GrandPrix_29.05"]
[Site "Chess.com"]
[Date "2020.05.29"]
[Round "3"]
[White "Arseniy_Nesterov"]
[Black "RussianChessFighter"]
[Result "0-1"]
[WhiteElo "2228"]
[BlackElo "2329"]
[TimeControl "600+2"]
[EndTime "10:27:32 PDT"]
[Termination "RussianChessFighter won on time"]

1. d4 f5 2. c4 Nf6 3. Nf3 g6 4.
e3 Bg7 5. b4 O-O 6. Bb2 c6 7. Be2 d5 8. O-O e6 9. Nbd2 Nbd7 10. Ne1 Ne4 11. Rc1 a5 12. b5 a4 13.
Nd3 cxb5 14. cxd5 a3 15. Ba1 exd5 16. Nf4 Ndf6 17. Bxb5 g5 18. Ne2 Be6 19. Nb3 Qd6 20. f3 Qb6 21. Bd3 Nd6 22. Nc5 Rfe8 23. Rb1 Qc7 24. Qd2 Bf7 25. Ng3 b6 26. Na6 Qd8 27.
Nb4 Qd7 28. Rfc1 Nc4 29. Bxc4 dxc4 30. Re1 Bg6 31. d5 f4 32. exf4 gxf4 33. Qxf4 Bxb1 34. Rxb1 Nxd5 35. Qxc4 Rad8 36. Rd1 Bxa1 37. Rxd5 Qf7 38. Ne4 Rxd5 39. Nxd5 h6 0-1

[Event "GrandPrix_29.05"]
[Site "Chess.com"]
[Date "2020.05.29"]
[Round "3"]
[White "Iljin_Timofey"]
[Black "etserga"]
[Result "0-1"]
[WhiteElo "2278"]
[BlackElo "2357"]
[TimeControl "600+2"]
[EndTime "10:27:37 PDT"]
[Termination "etserga won by checkmate"]

1. d4 d5 2. c4 c6 3. Nc3 Nf6 4. Nf3 e6 5. e3 a6 6. b3 Bb4 7. Bd2 Bd6 8. Bd3 c5 9. cxd5 exd5 10. dxc5 Bxc5 11. h3 O-O 12. O-O Nc6 13. Ne2 Ne4 14.
Rc1 Qe7 15. Nf4 Rd8 16. Qc2 Ba3 17. Rcd1 Bf5 18. Qb1 Rac8 19. Ne2 Nb4 20. Bxb4 Bxb4 21. Nfd4 Bg6 22. Qb2 Ba3 23. Qa1 Qf6 24. Nf4 Nc3 25. Rd2 Be4 26. f3 Bg6 27. Bxg6 hxg6 28. Rd3 g5 29. Nh5 Qg6 30. Rxc3 Qxh5 31. Rd1 Qg6 32. Rcd3 Bc5 33. Qb1 Bb6 34. R3d2 Qf6 35. Qd3 Qe5 36. Kh1 Re8 37. Nf5 g6 38. Nh6+ Kg7 39. Ng4 Qg3 40. Qxd5 Rcd8 41. Qxd8 Rxd8 42. Rxd8 Bxd8 43. Rxd8 Qc7 44.
Rd4 f5 45. Nf2 Qc1+ 46. Nd1 Qc2 47. b4 Qxa2 48. Kh2 Qc2 49. e4 b6 50. exf5 gxf5 51.
Kg1 a5 52. bxa5 Qc5 53. Ne3 Qxd4 54. Kf2 f4 55. h4 fxe3+ 56. Kf1 Qd2 57. Kg1 e2 58. Kh2 e1=Q 59. hxg5 Qf4+ 60. Kh3 Qfg3# 0-1

[Event "GrandPrix_29.05"]
[Site "Chess.com"]
[Date "2020.05.29"]
[Round "3"]
[White "imdvb6307"]
[Black "A_N_D-R_E_I"]
[Result "1-0"]
[WhiteElo "2036"]
[BlackElo "2050"]
[TimeControl "600+2"]
[EndTime "10:27:45 PDT"]
[Termination "imdvb6307 won by resignation"]

1. Nf3 d5 2. c4 c6 3. d4 Nf6 4.
Nbd2 e6 5. g3 Be7 6. Bg2 O-O 7.
O-O b5 8. cxb5 cxb5 9. Ne5 Bb7 10. Nb3 Nbd7 11. Nd3 a5 12. Bg5 a4 13. Bxf6 gxf6 14.
Nbc5 Nxc5 15. Nxc5 Bxc5 16. dxc5 Qc7 17. Rc1 Rfc8 18. f4 f5 19. Qd4 Qa5 20. Bf3 Qc7 21. b4 axb3 22. axb3 Qe7 23. b4 Ra4 24. Rb1 Bc6 25.
Kh1 f6 26. Qd3 Kh8 27. Rg1 Rg8 28.
h3 Qg7 29. Kh2 Qh6 30. Qc3 Rga8 31. Ra1 Qf8 32. Rxa4 Rxa4 33. Ra1 Rxa1 34. Qxa1 Qe7 35. Qa5 Kg7 36. Qb6 Qb7 37. Qxb7+ Bxb7 38. g4 Kg6 39. e3 fxg4 40. hxg4 e5 41. Kg3 Bc6 42. Be2 h6 43. Bd3+ Kg7 44. Bf5 Kf7 45. fxe5 fxe5 46. Kh4 Kf6 47. Kh5 Kg7 48. g5 hxg5 49. Kxg5 Kf7 50.
Bc8 d4 51. exd4 exd4 52. Bf5 Bd5 53. Kf4 Ke7 54. Ke5 Bc4 55. Kxd4 Kf6 56. Bd3 1-0

[Event "GrandPrix_29.05"]
[Site "Chess.com"]
[Date "2020.05.29"]
[Round "3"]
[White "Alex_Molchanov"]
[Black "rasmussvane"]
[Result "0-1"]
[WhiteElo "2100"]
[BlackElo "2362"]
[TimeControl "600+2"]
[EndTime "10:27:46 PDT"]
[Termination "rasmussvane won by resignation"]

1. c4 e6 2. Nf3 d5 3. g3 Nf6 4. Bg2 Be7 5. O-O O-O 6. b3 d4 7.
Bb2 c5 8. e3 Nc6 9. exd4 cxd4 10.
d3 Re8 11. a3 a5 12. Nbd2 e5 13. Re1 Bd6 14. Rc1 Bc5 15. Ng5 Bg4 16. f3 Bf5 17. Nge4 Bf8 18. Nxf6+ Qxf6 19. Ne4 Qd8 20. Rc2 Bg6 21.
Rce2 f5 22. Nf2 Bc5 23. Bc1 Qd6 24. Ra2 Rad8 25. Kh1 Qf8 26. f4 exf4 27. Bxf4 Bxa3 28. Rae2 Rxe2 29. Qxe2 Bb4 30. Bd2 h6 31. Nh3 Re8 32. Qf2 Ne5 33. Rxe5 Rxe5 34. Nf4 Bf7 35. Qxd4 Qe7 36.
Bxb4 axb4 37. h4 Re1+ 38. Kh2 Qe3 39. Qd8+ Kh7 40. Qd7 Be6 41. Qxb7 Qg1+ 42. Kh3 Re3 43.
Nxe6 Rxe6 44. Qc8 Qe1 45. Bd5 Qf1+ 46. Bg2 Qe2 47. Bd5 Qg4+ 48. Kh2 Re2+ 49. Bg2 Qf3 0-1

[Event "GrandPrix_29.05"]
[Site "Chess.com"]
[Date "2020.05.29"]
[Round "3"]
[White "Sakkcapak"]
[Black "Kostya_Nikologorskiy"]
[Result "0-1"]
[WhiteElo "2096"]
[BlackElo "2285"]
[TimeControl "600+2"]
[EndTime "10:27:52 PDT"]
[Termination "Kostya_Nikologorskiy won by resignation"]

1. c4 Nf6 2. g3 g6 3. Bg2 Bg7 4. Nc3 O-O 5. d3 c6 6. e4 d5 7.
cxd5 cxd5 8. e5 Nfd7 9. d4 Nb6 10. Nge2 Nc6 11. O-O Bg4 12. Be3 Bxe2 13. Qxe2 Rc8 14. Rac1 e6 15. Nb5 Nc4 16. b3 Nxe3 17. fxe3 f6 18.
Qg4 f5 19. Qe2 Qg5 20. Qf2 Nb4 21. Qd2 Bh6 22. Rf3 Rxc1+ 23. Qxc1 Qd8 24. Nd6 Qa5 25. Qd2 Qa3 26. Nb5 Qa5 27. Nd6 b6 28. a4 Nc6 29.
Qxa5 bxa5 30. Bf1 Rb8 31. Bb5 Nd8 32. Kf2 a6 33. Bxa6 Rxb3 34. Bb5 Rb2+ 35. Kg1 Nf7 36.
Nxf7 Kxf7 37. g4 Rb3 38. Kf2 Bg5 39. gxf5 gxf5 40. Bd7 Ke7 41. Bb5 h6 42. Bc6 Rb2+ 43.
Kg3 Re2 44. h4 Bxe3 45. Bb5 Re1 46. Kg2 Bxd4 47. Rb3 Bxe5 48. Bf1 Rd1 49. Rb7+ Kf6 50. Bb5 Rd2+ 51. Kf3 Rh2 52. Ra7 Bc3 53. Rc7 Bb4 54. Bd7 Rxh4 55. Rc6 Re4 56. Bc8 d4 57. Rc7 d3 58.
Rd7 d2 59. Bb7 Re1 0-1

[Event "GrandPrix_29.05"]
[Site "Chess.com"]
[Date "2020.05.29"]
[Round "3"]
[White "Alexander_Donchenko"]
[Black "Keks2017"]
[Result "1-0"]
[WhiteElo "2746"]
[BlackElo "2384"]
[TimeControl "600+2"]
[EndTime "10:27:56 PDT"]
[Termination "Alexander_Donchenko won by resignation"]

1. Nf3 Nf6 2. c4 d6 3. d4 Nbd7 4. g3 g6 5. Bg2 Bg7 6. Nc3 O-O 7. O-O e5 8. e4 exd4 9. Nxd4 Re8 10. h3 a6 11. Be3 Rb8 12. b3 Ne5 13. f4 Ned7 14.
Re1 c5 15. Nde2 b5 16. Qd3 b4 17. Na4 Bb7 18. e5 dxe5 19. Bxb7 Rxb7 20. Rad1 Qc8 21. Qd6 Re6 22. Qd2 Qc6 23. Rf1 Ne4 24. Qd5 Qxd5 25. Rxd5 exf4 26. Nxf4 Re8 27. Rfd1 Ndf6 28.
Rd8 Rb8 29. Rxb8 Rxb8 30. Nxc5 Nxg3 31. Nxa6 Re8 32. Bb6 Bf8 33. Rd8 Rxd8 34. Bxd8 Nd7 35. Nd3 Ne2+ 36. Kf2 Nc3 37. Ndxb4 Nc5 38. Bb6 Nxa6 39.
Nxa6 Nxa2 40. c5 Nc1 41. c6 Bd6 42. Bc7 Be7 43. Bf4 Nd3+ 44. Ke3 Nxf4 45. Kxf4 Bd6+ 46. Ke4 f5+ 47. Kd5 f4 48. Ke4 Kf7 49. c7 Bxc7 50.
Nxc7 g5 51. Nd5 Ke6 52. Nxf4+ gxf4 53. Kxf4 Kd5 54. Kg5 1-0

[Event "GrandPrix_29.05"]
[Site "Chess.com"]
[Date "2020.05.29"]
[Round "3"]
[White "klippfiskkjerringa"]
[Black "aleksandrovaleksei"]
[Result "1/2-1/2"]
[WhiteElo "2253"]
[BlackElo "2391"]
[TimeControl "600+2"]
[EndTime "10:27:57 PDT"]
[Termination "Game drawn by agreement"]

1. Nf3 Nf6 2. e3 d5 3. c4 e6 4.
b3 Be7 5. Bb2 O-O 6. Nc3 dxc4 7.
bxc4 b6 8. d4 Bb7 9. Bd3 c5 10.
O-O cxd4 11. exd4 Nc6 12. Re1 Rc8 13. d5 Nb4 14. Bf1 exd5 15. a3 Na6 16. Nxd5 Nxd5 17. cxd5 Nc7 18. Rxe7 Qxe7 19. d6 Qe6 20. dxc7 Rxc7 21.
Qd4 Qh6 22. Ne5 Qf6 23. Qd2 Rd8 24. Qb4 Rc2 25. Nd3 Qc6 26. Qg4 Qg6 27. Qxg6 hxg6 28. Rc1 Rdc8 29. Rxc2 Rxc2 30. Be5 Ra2 31. Bd6 Ra1 32.
f3 Ba6 33. Kf2 Ra2+ 34. Ke3 Ra1 35. Be2 Bc4 36. g4 b5 37. Bb4 a5 38. Bxa5 Rxa3 39. Bb4 Ra2 40. Bd6 g5 41. f4 gxf4+ 42. Nxf4 g5 43. Nd3 f6 44. Nc1 Rc2 45. Bxc4+ Rxc4 46. Ne2 b4 47. Nd4 b3 48. Ba3 Ra4 49.
Bc1 Ra1 50. Kd2 Rb1 51. Ba3 b2 52. Kc2 Rh1 53. Bxb2 Rxh2+ 54. Kb3 Kf7 55. Nf5 Rf2 56. Ne3 Ke6 57. Bd4 1/2-1/2

[Event "GrandPrix_29.05"]
[Site "Chess.com"]
[Date "2020.05.29"]
[Round "3"]
[White "WoodlandMagic"]
[Black "LazovT"]
[Result "0-1"]
[WhiteElo "2079"]
[BlackElo "2075"]
[TimeControl "600+2"]
[EndTime "10:27:57 PDT"]
[Termination "LazovT won on time"]

1. d4 d6 2. c4 g6 3. Nc3 Bg7 4.
e4 Nd7 5. Be3 e5 6. d5 h5 7. Bd3 Bh6 8. Bxh6 Nxh6 9. h4 Ng4 10.
f3 Nh6 11. Qd2 Nc5 12. Bc2 a5 13. O-O-O a4 14. Kb1 Bd7 15. Nge2 f6 16. Rhg1 Qb8 17. Rdf1 Qa7 18. Nd1 b5 19. Ne3 bxc4 20. a3 Rb8 21.
Nc3 Nb3 22. Bxb3 Rxb3 23. g4 Qd4 24. Rd1 Qxd2 25. Rxd2 hxg4 26. fxg4 Nf7 27. Rf2 Rxh4 28.
Rxf6 Ng5 29. Rgf1 Rh2 30. Nxc4 Rh6 31. Rf8+ Ke7 32. Rg8 Rh7 33. Rxg6 Nh3 34. Nd2 Rb8 35. g5 Nf4 36. Rh6 Rg7 37. Rfh1 Nd3 38. Nc4 Rbg8 39.
Rh7 Nc5 40. g6 Bg4 41. Kc2 Bf3 42. R1h4 Kf6 43. Rxg7 Rxg7 44. Kd2 Kxg6 45. Ke3 Rf7 46.
Rh3 Bg4 47. Rg3 Kg5 48. Nb5 Kh4 49. Rg1 Rf3+ 50. Kd2 Nxe4+ 51. Kc2 Rf2+ 52. Kc1 Be2 53. Re1 Rf1 54. Rxf1 Bxf1 55. b3 axb3 0-1

[Event "GrandPrix_29.05"]
[Site "Chess.com"]
[Date "2020.05.29"]
[Round "3"]
[White "Artur0208"]
[Black "1stSecond"]
[Result "1/2-1/2"]
[WhiteElo "2336"]
[BlackElo "2552"]
[TimeControl "600+2"]
[EndTime "10:28:00 PDT"]
[Termination "Game drawn by repetition"]

1. d4 Nf6 2. c4 e6 3. Nf3 a6 4. Nc3 d5 5. Bg5 dxc4 6. a4 Nc6 7. e3 Na5 8. Nd2 c5 9. Nxc4 cxd4 10.
Qxd4 Qxd4 11. exd4 Bb4 12. Nb6 Rb8 13. Bf4 Ne4 14.
Bxb8 Nxc3 15. Bd6 Bxd6 16. bxc3 Bd7 17. Be2 Bc6 18. Bf3 Bxf3 19. gxf3 Bc7 20. Rb1 Ke7 21. Ke2 Kd6 22. Kd3 Kc6 23. Nc4 Nxc4 24. Kxc4 Rd8 25.
Rhg1 g6 26. Rg5 b6 27. h3 h6 28. Rgg1 Rd5 29. Kd3 Rh5 30. Rh1 Rf5 31. Ke4 Ra5 32.
Ra1 Rh5 33. Rab1 Ra5 34. Ra1 Rh5 35. h4 Rf5 36. Rad1 Ra5 37. Ra1 Bd8 38. c4 Rh5 39. Rad1 Kd6 40. c5+ Kc6 41. cxb6 Bxb6 42. Rc1+ Kd6 43.
Rb1 Bd8 44. Rb7 Ra5 45. Rxf7 Rxa4 46. Rb1 e5 47. Rd1 Bxh4 48. Rg7 exd4 49. Rxg6+ Kc5 50. Rc1+ Kb5 51. Rxh6 Bxf2 52. Rcc6 d3+ 53. Kxd3 Ra3+ 54. Ke4 Ra4+ 55. Kd3 Ra3+ 56. Ke2 Ra2+ 57. Kd3 Ra3+ 1/2-1/2

[Event "GrandPrix_29.05"]
[Site "Chess.com"]
[Date "2020.05.29"]
[Round "3"]
[White "Bosiocic"]
[Black "GMMarcinDziuba"]
[Result "1-0"]
[WhiteElo "2729"]
[BlackElo "2493"]
[TimeControl "600+2"]
[EndTime "10:28:01 PDT"]
[Termination "Bosiocic won by resignation"]

1. d4 Nf6 2. Bg5 d5 3. e3 e6 4. c3 c5 5. Nd2 Qb6 6. Qb3 Nc6 7.
Ngf3 h6 8. Bf4 c4 9. Qc2 g5 10. Bg3 Nh5 11. Be5 Nxe5 12. Nxe5 Bg7 13. Be2 Nf6 14.
b3 cxb3 15. axb3 Nd7 16. Nd3 Qc7 17. O-O b6 18. Ra3 O-O 19. Rfa1 a5 20. b4 Bb7 21.
Nb3 axb4 22. Rxa8 Rxa8 23. Rxa8+ Bxa8 24. Nxb4 Bf8 25. Nd3 Qa7 26. Nb4 Qa3 27. Bb5 Nf6 28.
Nd3 Ne4 29. Ne5 Nd6 30. Bd3 Bb7 31. h4 Ba6 32. Bxa6 Qxa6 33. hxg5 hxg5 34. Nd2 Qe2 35.
Qd3 Qe1+ 36. Nf1 Ne4 37. Qc2 Nxc3 38. g4 Ne4 39. Kg2 b5 40. Qa2 b4 41. Nd3 Qd1 42. Ne5 b3 43. Qa7 Nd6 44. Qb8 Kg7 45. Ng3 Be7 46. Nc6 Qxg4 47. f3 Qh4 48. Nxe7 Nc4 49. Nef5+ exf5 50. Nxf5+ Kf6 51. Nxh4 gxh4 52. Qxb3 1-0

[Event "GrandPrix_29.05"]
[Site "Chess.com"]
[Date "2020.05.29"]
[Round "3"]
[White "Sergey_Krivenko"]
[Black "larrylarsen"]
[Result "1-0"]
[WhiteElo "2069"]
[BlackElo "1186"]
[TimeControl "600+2"]
[EndTime "10:28:02 PDT"]
[Termination "Sergey_Krivenko won on time"]

1. d4 Nf6 2. Nf3 g6 3. Bg5 Bg7 4. Nbd2 d6 5. c3 O-O 6. e4 c6 7.
Bd3 e5 8. O-O Nbd7 9. Re1 Qc7 10.
h3 Re8 11. a4 a5 12. Qb3 Nf8 13. dxe5 dxe5 14. Be3 N6d7 15. Ng5 Ne6 16. Nxe6 Rxe6 17. Bc4 Re7 18. Nf3 h6 19. Nh4 Nf8 20. Bb6 Qd6 21.
Rad1 Qf6 22. Nf3 Ne6 23. Bd8 Nf4 24. Bxe7 Qxe7 25. Qb6 Bf6 26. Rd2 Kg7 27. Red1 Bg5 28. Rd6 h5 29. Qc5 Bf6 30. Kh2 g5 31. Qb6 g4 32.
Ng1 gxh3 33. g3 Bg4 34. gxf4 exf4 35. f3 Be5 36. Rd8 Rxd8 37. Qxd8 Qc5 38. Qg5+ Kh7 39. Nxh3 Qe3 40. Qxe5 Qxf3 41. Ng5+ Kg6 42. Nxf3 Bxf3 43. Qf5+ Kh6 44. Rg1 Bg4 45. Qxf4+ Kh7 46.
Rxg4 hxg4 47. Qxg4 1-0

[Event "GrandPrix_29.05"]
[Site "Chess.com"]
[Date "2020.05.29"]
[Round "3"]
[White "Onischuk_V"]
[Black "AlexVanGog"]
[Result "1/2-1/2"]
[WhiteElo "2321"]
[BlackElo "2221"]
[TimeControl "600+2"]
[EndTime "10:28:04 PDT"]
[Termination "Game drawn by repetition"]

1. e4 c5 2. Nf3 d6 3. c3 Nf6 4. Be2 g6 5. O-O Bg7 6. Bb5+ Bd7 7.
Bxd7+ Qxd7 8. Re1 O-O 9. d4 cxd4 10. cxd4 Na6 11. Nc3 Rac8 12. Bg5 h6 13. Be3 Nc7 14. Qb3 Ne6 15. h3 Rfd8 16. Rad1 d5 17. Ne5 Qd6 18. Qxb7 Nxe4 19. Nxe4 dxe4 20. Qxe4 Qd5 21.
Qb1 a5 22. b3 h5 23. f4 Nf8 24. f5 Rd6 25. Rf1 Bxe5 26. dxe5 Qxe5 27. Rde1 Qd5 28.
Bg5 Rd7 29. Qe4 Qxe4 30. Rxe4 e6 31. f6 Rd5 32. Be3 Rc3 33. g4 Nd7 34. Rf2 hxg4 35. hxg4 Re5 36. Rxe5 Nxe5 37. Bd2 Rg3+ 38. Kf1 Nxg4 39.
Rf4 e5 40. Ra4 Nxf6 41. Rxa5 e4 42. Rb5 Ng4 43. a4 Nh2+ 44. Kf2 Rd3 45. Ke2 Nf3 46. Be3 Rc3 47. a5 Rc2+ 48. Kd1 Ra2 49. b4 f5 50. Rb6 Ne5 51. Bd4 Nf3 52. Be3 Ne5 53. Bd4 Nf3 54. Be3 1/2-1/2

[Event "GrandPrix_29.05"]
[Site "Chess.com"]
[Date "2020.05.29"]
[Round "3"]
[White "IMTominho"]
[Black "BlackBoarder"]
[Result "1-0"]
[WhiteElo "2039"]
[BlackElo "2138"]
[TimeControl "600+2"]
[EndTime "10:28:10 PDT"]
[Termination "IMTominho won by resignation"]

1. d4 e6 2. c4 Nf6 3. Nf3 d5 4. Bg5 h6 5. Bh4 Be7 6. e3 O-O 7. Bd3 dxc4 8. Bxc4 c5 9. O-O Nc6 10. Nc3 b6 11. Rc1 Bb7 12. Bxf6 Bxf6 13. dxc5 bxc5 14. Qe2 Qa5 15. Bd3 Nb4 16. Bc4 Rfd8 17. Nd2 Bxc3 18.
Nb3 Qc7 19. bxc3 Nd5 20. e4 Nf6 21. f3 a5 22. Qe3 Nd7 23. Bb5 a4 24. Nd2 Ne5 25.
Rfd1 Ba6 26. Bxa6 Rxa6 27. Qe2 Rad6 28. Nf1 Nd3 29. Rb1 c4 30. Qe3 Qa5 31. Qd2 Qc5+ 32. Qe3 Qa3 33. Rb7 Qxc3 34. Rc7 Qc2 35. Qd2 Qxd2 36.
Rxd2 Ne5 37. Rxd6 Rxd6 38. Ne3 Rd2 39. a3 Ra2 40. Nxc4 Nxc4 41. Rxc4 Rxa3 42. h4 Ra2 43. h5 Kf8 44. Rc7 a3 45. Ra7 Ra1+ 46. Kh2 a2 47.
Kg3 Ke8 48. Kf4 Kd8 49. Ra8+ Kc7 50. Ra7+ Kb6 51. Ra8 Kc5 52. Rc8+ Kd4 53. Ra8 Kd3 54. Kg3 Ke3 55. Ra3+ Ke2 56. Ra8 Kf1 57. Ra7 Ke1 58. Ra8 Kd1 59. Ra7 Kc2 60. Ra8 Kb3 61. Rb8+ Kc4 62. Rc8+ Kd4 63. Rd8+ Ke5 64. Ra8 f5 65. Ra5+ Kf6 66. exf5 exf5 67. Kf4 Ke6 68. Ra6+ Kd5 69.
Kxf5 Kc4 70. Kg6 Kb3 71. Kxg7 Rg1 72. g4 Rf1 73. Kxh6 Rxf3 74. g5 Kb2 75. Rxa2+ Kxa2 76. g6 Rb3 77. g7 Rb8 78. Kh7 Rb7 79. Kh8 1-0

[Event "GrandPrix_29.05"]
[Site "Chess.com"]
[Date "2020.05.29"]
[Round "3"]
[White "mishikomchedlishvili"]
[Black "Evgeny81"]
[Result "1-0"]
[WhiteElo "2071"]
[BlackElo "2435"]
[TimeControl "600+2"]
[EndTime "10:28:11 PDT"]
[Termination "mishikomchedlishvili won by resignation"]

1. d4 d5 2. Nf3 Nf6 3. g3 e6 4.
Bg2 b5 5. O-O Bb7 6. a4 b4 7. c4 dxc4 8. Qc2 Nbd7 9. Nbd2 c5 10. Nxc4 Rc8 11. Be3 cxd4 12. Bxd4 Bd5 13. Nfd2 Bc5 14.
Bxc5 Rxc5 15. Qb3 Bxg2 16. Kxg2 Qb8 17. Rfd1 O-O 18. Nf3 Rd5 19. Qe3 Rc8 20. b3 Nc5 21. Nfe5 h6 22. Rac1 Rxd1 23. Rxd1 Qa8+ 24. Kg1 Qe4 25.
Nd6 Qxe3 26. fxe3 Rf8 27. Rc1 Nxb3 28. Rc7 Nd5 29. Rxa7 Nc5 30. Ra5 Nb3 31. Rb5 Ra8 32. e4 Nd4 33. Rb7 Nxe2+ 34. Kf2 Ndc3 35. Rxb4 Rxa4 36.
Rxa4 Nxa4 37. Kxe2 f6 38. Nd3 Nc3+ 39. Ke3 Kf8 40. e5 Ke7 41. Ne4 Nd5+ 42. Kd4 fxe5+ 43. Kxe5 Ne3 44. Kf4 Nd5+ 45. Kf3 Kf7 46. Ne5+ Ke7 47.
h4 Nc7 48. h5 Nd5 49. g4 Nb6 50. Ke3 Nd5+ 51. Kd4 Nf4 52. Ng6+ 1-0

[Event "GrandPrix_29.05"]
[Site "Chess.com"]
[Date "2020.05.29"]
[Round "3"]
[White "SavelievAlexei"]
[Black "LiamVrolijk"]
[Result "0-1"]
[WhiteElo "2271"]
[BlackElo "2339"]
[TimeControl "600+2"]
[EndTime "10:28:12 PDT"]
[Termination "LiamVrolijk won by resignation"]

1. e4 e5 2. Nf3 Nc6 3. Be2 g6 4. c3 Bg7 5. d4 d6 6. Bg5 Nf6 7. Nbd2 O-O 8. h3 h6 9. Be3 Re8 10. Bd3 Nh5 11. g4 Nf6 12. a3 h5 13. g5 Nh7 14.
Qc2 exd4 15. cxd4 d5 16. O-O-O dxe4 17. Bxe4 Rxe4 18. Nxe4 Qd5 19. Nfd2 Bf5 20. f3 Nxd4 21. Bxd4 Qxd4 22. Nc4 Bxe4 23. fxe4 Qc5 24. Rd5 Qc6 25. Rhd1 Re8 26. h4 Nf8 27. Kb1 Qe6 28. e5 a6 29. Rd8 Rxd8 30. Rxd8 b5 31. Nd2 Qxe5 32. Ne4 Kh7 33. Nf6+ Bxf6 34. Rxf8 Qe7 35. Rc8 Be5 36. Qc6 Bg3 37. Re8 Qd6 38. Qxd6 cxd6 39. Ra8 Bxh4 40.
Rxa6 Bxg5 41. Rxd6 h4 42. Rd5 Be3 43. Rd3 Bf4 44. b3 g5 45. a4 bxa4 46. bxa4 g4 47. Rd4 h3 48. Rxf4 h2 49. Rxf7+ Kg6 50. Rf1 g3 51. a5 g2 52. Rc1 g1=Q 0-1

[Event "GrandPrix_29.05"]
[Site "Chess.com"]
[Date "2020.05.29"]
[Round "3"]
[White "MiroVlasenko"]
[Black "MirMan90"]
[Result "1-0"]
[WhiteElo "2699"]
[BlackElo "2536"]
[TimeControl "600+2"]
[EndTime "10:28:17 PDT"]
[Termination "MiroVlasenko won by resignation"]

1. d4 Nf6 2. Bg5 d5 3. e3 e6 4. Nd2 Be7 5. Bd3 b6 6. Ngf3 Bb7 7. O-O Nbd7 8. Qe2 c5 9. c3 O-O 10. Ne5 Nxe5 11. dxe5 Nd7 12. Bf4 f5 13. exf6 Nxf6 14. Rad1 Bd6 15. Bxd6 Qxd6 16. e4 Nd7 17. Bc2 Rae8 18.
Rfe1 Qf4 19. g3 Qh6 20. e5 g5 21. Ba4 Re7 22. Bxd7 Rxd7 23. Ne4 Kh8 24. Nf6 Re7 25. Qg4 Qg6 26. Rd2 Ba6 27. Re3 Qb1+ 28. Rd1 Qxb2 29. Qxg5 Qxa2 30. Rde1 Qc2 31. Qh6 Rg7 32.
Qh3 Bc8 33. g4 a5 34. R1e2 Qg6 35. f4 b5 36. Rg3 b4 37. cxb4 axb4 38. Nh5 Ra7 39.
f5 Qg5 40. Nf6 c4 41. Qf1 b3 42. h4 Qxh4 43. Rh3 Qg5 44. Rh5 Qg7 45. Reh2 Rxf6 46. Rxh7+ Qxh7 47. Rxh7+ Kxh7 48. exf6 b2 49. Kf2 exf5 50.
Qh1+ Kg6 51. Qh5+ Kxf6 52. g5+ Ke5 53. Qe2+ Kf4 54. Qxb2 Kxg5 55. Qd2+ Kg6 56. Qxd5 Ra2+ 57. Kg3 Ba6 58. Qd6+ Kf7 59. Kf4 Rf2+ 60. Kg5 Rg2+ 61. Kxf5 Bc8+ 62. Kf4 Be6 63. Qc7+ Kf6 64. Qe5+ Kf7 65.
Qh5+ Kf6 66. Qh6+ Kf7 67. Ke5 Re2+ 68. Kd6 Rd2+ 69. Qxd2 1-0

[Event "GrandPrix_29.05"]
[Site "Chess.com"]
[Date "2020.05.29"]
[Round "3"]
[White "lelajavakhishvili"]
[Black "BMOchsner"]
[Result "1/2-1/2"]
[WhiteElo "2212"]
[BlackElo "2120"]
[TimeControl "600+2"]
[EndTime "10:28:18 PDT"]
[Termination "Game drawn by repetition"]

1. d4 Nf6 2. c4 e6 3. Nf3 d5 4. g3 Bb4+ 5. Bd2 Be7 6. Bg2 O-O 7. Qc2 Nbd7 8. O-O Ne4 9. Nc3 Nxd2 10. Nxd2 c6 11.
Rfd1 f5 12. Nf3 Qe8 13. cxd5 exd5 14. e3 Bd6 15. Rab1 a5 16. Ne2 Nf6 17. Nf4 Ne4 18.
Nd3 Kh8 19. Nfe5 Qh5 20. f3 Nf6 21. Rbc1 Qe8 22. Qa4 Qe7 23. a3 Be6 24. Re1 Rfe8 25. Nf4 Bf7 26. Nfd3 Kg8 27. Qc2 Be6 28. Kh1 Bc8 29. Rg1 Nd7 30. f4 Nf6 31. h3 Ne4 32.
Bf3 Rf8 33. Qh2 Rf6 34. Rc2 Rh6 35. h4 Nf6 36. Qe2 Be6 37. Nf2 Kh8 38. Nh3 Ne4 39. Qe1 Bc7 40. Rh2 Re8 41. Ng5 Bg8 42. g4 Bxe5 43.
dxe5 Nxg5 44. hxg5 Rxh2+ 45. Kxh2 fxg4 46. Bxg4 Qc5 47. Qc3 Qb5 48. Kg3 c5 49. Rh1 Rd8 50.
Bf5 d4 51. Qd2 Qb6 52. e4 c4 53. e6 Qb3+ 54. Kg4 c3 55. bxc3 Bxe6 56. Rxh7+ Kg8 57.
Qh2 Bxf5+ 58. exf5 Qd1+ 59. Kg3 Qe1+ 60. Kg4 Qd1+ 61. Kg3 Qe1+ 62. Kg4 Qd1+ 1/2-1/2